AoeStats
← _Orca_

Oasis

509949626Analyzed
3v3 RM · 2d ago on Sep 28, 2026· 30m 6s· 6 players
Game mode
Random Map
Map size
Normal (6 player)
Population
200
Speed
Normal
Resources
Standard
Victory
Conquest
Starting age
Dark Age
Ending age
Imperial Age
RankedLock teamsTeams togetherTeam positionsShared explorationLock speedFull tech treeHidden civsTurbo modeCheats
Victory
Defeat
🇮🇹 Saxons · Italy
1511
+9
🇬🇧 Britons · United Kingdom
1297
+17
🇮🇹 Varangians · Italy
1220
+20
🇫🇷 Khmer · France
1354
-16
🇧🇩 Maya · Bangladesh
1323
-15
🇦🇷 Varangians · Argentina
1317
-15
Beerial
10:50 Feudal Age
13:56 Castle Age
12:00 Double-Bit Axe
11:57 Horse Collar
14:53 Bow Saw
15:43 Loom
16:06 Heavy Plow
19:50 Gold Mining
22:23 Wheelbarrow
22:45 Bloodlines
24:52 Hand Cart
25:04 Husbandry
25:54 Scale Barding Armor
26:00 Forging
26:56 Chain Barding Armor
26:39 Light Cavalry
28:14 Iron Casting
28:20 Gold Shaft Mining
27:36 Stone Mining
31:52 Imperial Age
-LN-cheperico
6:21 Loom
9:45 Feudal Age
9:47 Man-at-Arms
10:13 Arson
10:24 Double-Bit Axe
11:43 Horse Collar
16:18 Bloodlines
22:16 Gold Mining
24:13 Wheelbarrow
23:24 Town Watch
24:09 Scale Barding Armor
29:02 Castle Age
_Orca_
0:28 Loom
9:19 Feudal Age
13:10 Padded Archer Armor
13:05 Fletching
21:49 Castle Age
19:53 Double-Bit Axe
20:10 Horse Collar
21:54 Crossbowman
22:30 Bodkin Arrow
23:05 Bow Saw
24:36 Ballistics
25:58 Padded Archer Armor
27:42 Thumb Ring
29:28 Wheelbarrow
28:39 Town Watch
NICH
7:17 Loom
9:46 Feudal Age
10:41 Double-Bit Axe
14:07 Horse Collar
15:13 Fletching
17:31 Gold Mining
21:13 Castle Age
20:28 Padded Archer Armor
21:54 Crossbowman
23:09 Bodkin Arrow
24:07 Wheelbarrow
23:57 Bow Saw
23:52 Heavy Plow
24:29 Gold Shaft Mining
25:31 Ballistics
27:18 Hand Cart
30:09 Leather Archer Armor
Catipan Dixlesya
7:13 Loom
9:27 Feudal Age
10:42 Wheelbarrow
10:48 Double-Bit Axe
15:28 Horse Collar
16:15 Fletching
17:15 Town Watch
23:12 Castle Age
21:53 Padded Archer Armor
24:14 Hand Cart
23:23 Crossbowman
27:02 Heavy Plow
27:13 Bow Saw
27:21 Bodkin Arrow
28:14 Stone Mining
Mich
6:51 Loom
10:10 Feudal Age
11:01 Town Watch
11:45 Double-Bit Axe
12:51 Horse Collar
18:34 Forging
21:08 Scale Barding Armor
23:25 Castle Age
22:16 Gold Mining
22:44 Bloodlines
24:48 Chain Barding Armor
25:04 Iron Casting
Connection lost

Rejoining the realm…

Still unreachable

The connection could not be restored.

Session expired

The server has moved on; the page needs a fresh start.